 Dungeon Crawl Stone Soup version 0.29.1-15-g9cfb28693d (webtiles) character file.

Game seed: 3120179306683689927

19 Heoruswealwe the Caller (level 2, -15/15 HPs)
             Began as a Deep Elf Summoner on Mar 10, 2023.
             Demolished by a polar bear (25 damage)
             ... created by the rage of Trog
             ... on level 1 of the Dungeon.
             The game lasted 00:06:03 (414 turns).

Heoruswealwe the Caller (Deep Elf Summoner)          Turns: 414, Time: 00:06:04

Health: -15/15     AC:  3    Str:  5    XL:     2   Next: 55%
Magic:  8/8        EV: 12    Int: 19    God:
Gold:   33         SH:  0    Dex: 15    Spells: 7/8 levels left

rFire   . . .      SeeInvis .   f - +0 short sword
rCold   . . .      Faith    .   (no shield)
rNeg    . . .      Spirit   .   a - +0 robe
rPois   .          Reflect  .   h - +0 helmet
rElec   .          Harm     .   (no cloak)
rCorr   .          Rampage  .   (no gloves)
Will    .....                   (no boots)
Stlth   ++........              (no amulet)
HPRegen 0.05/turn               (no ring)
MPRegen 0.11/turn               (no ring)

@: no status effects
A: no striking features
a: no special abilities


You were on level 1 of the Dungeon.
You visited 1 branch of the dungeon, and saw 1 of its levels.

You collected 33 gold pieces.

Inventory:

Hand Weapons
 f - a +0 short sword (weapon)
Armour
 a - a +0 robe (worn)
 h - a +0 helmet (worn)
Scrolls
 e - a scroll of enchant weapon {unknown}
Potions
 b - a potion of magic
 c - a potion of mutation {unknown}
 d - a potion of degeneration {unknown}
 g - a potion of curing {unknown}


   Skills:
 - Level 2.4 Dodging
 - Level 2.4 Stealth
 + Level 3.8 Spellcasting
 + Level 4.8 Summonings


You had 7 spell levels left.
You knew the following spells:

 Your Spells              Type           Power      Damage    Failure   Level
a - Summon Small Mammal   Summ           88%        N/A       1%          1

Your spell library contained the following spells:

 Spells                   Type           Power      Damage    Failure   Level
 Call Imp                 Summ           22%        N/A       3%          2
 Call Canine Familiar     Summ           22%        N/A       6%          3
 Summon Guardian Golem    Hex/Summ       12%        N/A       16%         3
 Summon Lightning Spire   Summ/Air       12%        N/A       45%         4


Dungeon Overview and Level Annotations

Branches:
Dungeon (1/15)

Altars:
Trog


Message History

Your quokka bites the ball python.
The ball python dies!
An endoplasm comes into view.
The endoplasm quivers.
You swap places.
Your quokka bites the endoplasm.
Your quokka bites the endoplasm.
The endoplasm hits your quokka but does no damage.
Your quokka bites the endoplasm.
The endoplasm misses your quokka.
Your quokka bites the endoplasm.
The endoplasm dies!
g - a sapphire potion You see here a +0 helmet.
h - a +0 helmet You start putting on your armour.
You continue putting on your +0 helmet. x4
You finish putting on your +0 helmet.
You swap places.
Your quokka disappears in a puff of smoke!
A ball python comes into view.
The ball python hisses angrily.
You swap places.
The ball python barely misses your quokka.
The ball python misses your quokka.
Your quokka bites the ball python.
The ball python dies!
You swap places.
An endoplasm comes into view.
Your quokka bites the endoplasm.
The endoplasm dies!
Your quokka disappears in a puff of smoke!
Found 7 gold pieces.
You now have 33 gold pieces (gained 7).
Trog sends monsters to punish you. 2 black bears and a polar bear come into view.
You barely miss the polar bear.
The black bear attacks as you move away!
The black bear bites you but does no damage.
The black bear claws you. The black bear barely misses you.
The polar bear bites you!!
Ouch! That really hurt!
You die...

#.....#
######...#..
###.###
#......##### #.#
#.####...#.. #.#
#.# ###.#.# #.# #.#
#...# #h# #.# ##.#.
#.# #.#######.##
#h######.....^#####
#h@....###########.
######.# ##....
##..... #......
#.†.... ##..#..
#..#... #.##...
####..#


You could see a polar bear (berserk) and 2 black bears.

Vanquished Creatures (collateral kills)
  A dart slug (D:1)
  3 endoplasms (D:1)
  2 giant cockroaches (D:1)
  3 hobgoblins (D:1)
  4 ball pythons (D:1)
  A frilled lizard (D:1)
  2 kobolds (D:1)
16 creatures vanquished.

Notes
Turn   | Place    | Note
-------+----------+-------------------------------------------
     0 | D:1      | Heoruswealwe the Deep Elf Summoner began the quest for the
                  | Orb.
     0 | D:1      | Reached XP level 1. HP: 10/10 MP: 6/6
    86 | D:1      | Found a faded altar of an unknown god.
   143 | D:1      | Reached XP level 2. HP: 15/15 MP: 4/8
   195 | D:1      | Prayed at the altar of an unknown god.
   195 | D:1      | Became a worshipper of Trog the Wrathful
   195 | D:1      | Reached * piety under Trog
   196 | D:1      | Fell from the grace of Trog
   413 | D:1      | Noticed a black bear
   413 | D:1      | Noticed a black bear
   413 | D:1      | Noticed a polar bear
   414 | D:1      | Demolished by a polar bear

Illustrated notes

Levels and vault maps discovered:
D:1:      dpeg_arrival_arbitrary_a, layout_loops_ring,
          hellmonk_ecumenical_altar_blasted

Action                   || total
-------------------------++-------
Melee: Short sword       ||     2
 Cast: Summon Small Mamm ||    15
Invok: Renounce Religion ||     1
Armor: Robe              ||     2
Dodge: Dodged            ||     9
